 Dungeon Crawl Stone Soup version 0.27-a0-637-g3a9f0a9c12 (webtiles) character file.

Game seed: 381230694779285027

2640 wakim the Tainter (level 9, -3/53 HPs)
             Began as an Octopode Venom Mage on Mar 14, 2021.
             Was an Initiate of Gozag.
             Splashed by a jelly's acid (8 damage)
             ... on level 6 of the Dungeon.
             The game lasted 00:18:17 (7530 turns).

wakim the Tainter (Octopode Venom Mage)             Turns: 7530, Time: 00:18:18

Health: -3/53      AC:  1    Str:  7    XL:     9   Next: 61%
Magic:  14/14      EV: 16    Int: 21    God:    Gozag
Gold:   806        SH:  5    Dex: 12    Spells: 4/14 levels left

rFire    . . .     SeeInvis .   a - +1 short sword
rCold    . . .     Faith    .   (no shield)
rNeg     . . .     Spirit   .   (helmet restricted)
rPois    .         Reflect  +   f - amulet of reflection
rElec    .         Harm     .   (no ring)
rCorr    .         Rampage  .   (no ring)
Will     .....                  (no ring)
Stlth    +++++.....             (no ring)
HPRegen  0.17/turn              (no ring)
MPRegen  0.14/turn              (no ring)
                                (no ring)
                                (no ring)

@: lethally poisoned (-3 -> -5), slowed, very slow
A: almost no armour, amphibious, 8 rings, camouflage 1, gelatinous body 1,
nimble swimmer 1, tentacles
a: Renounce Religion, Potion Petition, Call Merchant, Bribe Branch


You were on level 6 of the Dungeon.
You worshipped Gozag.
Gozag was pleased with you.
You visited 1 branch of the dungeon, and saw 6 of its levels.

You collected 854 gold pieces.
You paid 48 gold pieces to Gozag.

Inventory:

Hand Weapons
 a - a +1 short sword (weapon)
 b - a +0 hunting sling
Missiles
 c - 12 boomerangs
 e - 4 poisoned darts
 s - 83 stones
Jewellery
 f - an amulet of reflection (around mantle)
Wands
 d - a wand of digging (2)
 j - a wand of polymorph (13)
 p - a wand of paralysis (5)
 r - a wand of random effects (44)
Scrolls
 g - a scroll of enchant armour
 D - a scroll of blinking
 F - a scroll of fog
 X - a scroll of magic mapping {@r4}
Potions
 A - a potion of attraction
 C - a potion of cancellation
 J - 2 potions of curing {@q1}
 L - 2 potions of flight
 N - 4 potions of heal wounds {@q2}


   Skills:
 + Level 1.4 Fighting
 * Level 7.7 Dodging
 - Level 8.0 Stealth
 + Level 3.3 Spellcasting
 - Level 3.0 Transmutations
 - Level 3.0 Air Magic
 - Level 9.1 Poison Magic


You had 4 spell levels left.
You knew the following spells:

 Your Spells              Type           Power      Damage    Failure   Level
a - Sting                 Tmut/Pois      100%       1d8       1%          1
g - Ignite Poison         Fire/Tmut/Pois 20%        N/A       8%          3
s - Poisonous Vapours     Pois/Air       58%        N/A       1%          2
w - Olgreb's Toxic Radia  Pois           42%        N/A       3%          4

Your spell library contained the following spells:

 Spells                   Type           Power      Damage    Failure   Level
 Mephitic Cloud           Conj/Pois/Air  20%        N/A       8%          3
 Animate Skeleton         Necr           6%         N/A       13%         1
 Apportation              Tloc           6%         N/A       13%         1
 Corona                   Hex            3%         N/A       13%         1
 Summon Small Mammal      Summ           12%        N/A       13%         1


Dungeon Overview and Level Annotations

Branches:
Dungeon (6/15)
 Temple: D:4-7

Altars:
Dithmenos
Elyvilon
Gozag
Ru

Annotations:
D:5 Grinder
D:6 1 runed translucent door, Prince Ribbit


Innate Abilities, Weirdness & Mutations

You cannot wear most types of armour.
You are amphibious.
You can wear up to eight rings at the same time.
Your skin changes colour to match your surroundings (Stealth+).
Your rubbery body absorbs attacks. (AC +1, EV +1)
You are stealthy while swimming. (Stealth+)
You have tentacles for arms and can constrict up to eight enemies at once.


Message History

You hit the jelly.
Your tentacles burn!
The jelly is lightly wounded.
The jelly hits you. The acid corrodes you!
You are splashed with acid!
You hit the jelly.
Your tentacles burn!
You squeeze the jelly.
The jelly is heavily wounded.
You hit the jelly.
Your tentacles burn!
The jelly is heavily wounded.
You hit the jelly. The acid corrodes you!
Your tentacles burn!
The jelly is severely wounded.
The jelly hits you.
You are splashed with acid!
* * * LOW HITPOINT WARNING * * *
You hit the jelly but do no damage. The acid corrodes you!
Your tentacles burn!
* * * LOW HITPOINT WARNING * * *
The jelly is severely wounded.
You hit the jelly but do no damage.
Your tentacles burn!
* * * LOW HITPOINT WARNING * * *
The jelly is severely wounded.
Blink to where?
Press: ? - help, Dir - move target
As you read the scroll of blinking, it crumbles to dust. 23 arrows; a +0 shortbow You are no longer corroded.
An orc priest and an orc wizard come into view.
The orc wizard moves out of view.
An orc comes into view.
It is wielding a +0 mace. 37 arrows; a +0 shortbow; a +0 shortbow The orc throws a curare-tipped dart.
The curare-tipped dart hits you.
You are poisoned.
You have difficulty breathing.
* * * LOW HITPOINT WARNING * * *
You feel yourself slow down.
The orc throws a curare-tipped dart.
There is a stone staircase leading up, spattered with blood here.
The orc hits you with a +0 mace.
* * * LOW HITPOINT WARNING * * *
The orc throws a curare-tipped dart.
The jelly hits you.
* * * LOW HITPOINT WARNING * * *
You are splashed with acid!
You die...
Your body crumbles into a pile of gold.

#<#.#.#.## #..........#
.#.#.#.#.# #..........#
#.#.#.#.## #..........#
.#.#.#+#'## #......o...#
#.#.......# #..........#
.#.#......###..........#
#.#.....>...'...Yo.....#
.#.#.#'#'####..o.......#
#.#.#.#.##.(...J@......#
.#.#.#.#...#######'#####
#.#.#.#+...........#
.#.#.#.#...#########
#.#.#.#....#
.#.#.#.#.### #.#.#.#.##
.#.#.#.#.# #'#.#.#+#####


You could see an ice beast, a jelly, an orc priest (wandering) and 2 orcs.

Vanquished Creatures
  Pikel (D:4)
  Sigmund (D:5)
  Eustachio (D:6)
  A soldier ant (D:6)
  Duvessa (D:4)
  2 ogres
  4 centaurs (D:6)
  A lemure (D:4)
  Dowan (D:4)
  A scorpion (D:5)
  A killer bee (D:6)
  2 howler monkeys
  A bullfrog zombie (D:6)
  A jelly (D:3)
  A hound (D:4)
  A bullfrog skeleton (D:4)
  3 orc priests
  A gnoll shaman (D:4)
  Ijyb (D:4)
  An iguana (D:4)
  9 orc wizards
  10 worker ants
  A hound zombie (D:6)
  2 worker ant zombies
  3 gnolls (D:4)
  2 adders
  A white imp (D:6)
  An ufetubus (D:6)
  2 oozes
  An adder zombie (D:5)
  A worm (D:2)
  6 leopard geckos
  17 orcs
  2 ball pythons
  7 giant cockroaches
  3 goblins
  11 hobgoblins
  4 jackals (D:3)
  6 kobolds
  2 quokkas
  3 bats
  5 frilled lizards
  A leopard gecko skeleton (D:4)
  6 rats
  2 butterflies (D:6)
135 creatures vanquished.

Vanquished Creatures (others)
  A quokka (D:4)
1 creature vanquished.

Grand Total: 136 creatures vanquished

Notes
Turn   | Place    | Note
-------+----------+-------------------------------------------
     0 | D:1      | wakim the Octopode Venom Mage began the quest for the Orb.
     0 | D:1      | Reached XP level 1. HP: 11/11 MP: 3/3
   499 | D:1      | Reached skill level 4 in Poison Magic
   499 | D:1      | Reached XP level 2. HP: 17/17 MP: 3/5
   764 | D:1      | Learned a level 2 spell: Poisonous Vapours
   966 | D:2      | Reached XP level 3. HP: 21/21 MP: 1/6
  1024 | D:2      | Found a shadowy altar of Dithmenos.
  1572 | D:2      | Found a sacrificial altar of Ru.
  2073 | D:3      | Found a shadowy altar of Dithmenos.
  2151 | D:3      | Reached skill level 5 in Poison Magic
  2151 | D:3      | Reached XP level 4. HP: 14/27 MP: 6/8
  2561 | D:3      | Learned a level 4 spell: Olgreb's Toxic Radiance
  2746 | D:3      | Found an opulent altar of Gozag.
  2814 | D:3      | Became a worshipper of Gozag Ym Sagoz the Greedy
  3187 | D:4      | Reached XP level 5. HP: 19/31 MP: 5/9
  3325 | D:4      | Reached skill level 6 in Poison Magic
  3704 | D:3      | Reached XP level 6. HP: 25/36 MP: 5/10
  3794 | D:3      | Learned a level 3 spell: Ignite Poison
  3895 | D:4      | Noticed Pikel
  3899 | D:4      | Killed Pikel
  3900 | D:4      | Reached skill level 5 in Stealth
  3900 | D:4      | Reached skill level 8 in Poison Magic
  3900 | D:4      | Reached XP level 7. HP: 41/41 MP: 1/11
  3902 | D:4      | Noticed Ijyb
  3966 | D:3      | Reached skill level 9 in Poison Magic
  3966 | D:3      | Reached XP level 8. HP: 46/46 MP: 3/12
  4304 | D:4      | Found a white marble altar of Elyvilon.
  4500 | D:4      | Reached skill level 1 in Air Magic
  4701 | D:4      | Killed Ijyb
  4832 | D:4      | Noticed Duvessa
  4835 | D:4      | Noticed Dowan
  4840 | D:4      | Killed Duvessa
  4840 | D:4      | Killed Dowan
  4937 | D:5      | Entered Level 5 of the Dungeon
  5698 | D:5      | Noticed Sigmund
  5701 | D:5      | Killed Sigmund
  5908 | D:5      | Noticed Grinder
  5909 | D:5      | Reached skill level 5 in Dodging
  5909 | D:5      | Reached XP level 9. HP: 40/51 MP: 1/13
  6385 | D:6      | Noticed Eustachio
  6388 | D:6      | Killed Eustachio
  6805 | D:6      | Noticed Prince Ribbit
  7312 | D:6      | Found a runed translucent door.
  7314 | D:6      | Found a runed translucent door.
  7320 | D:6      | Reached skill level 1 in Fighting
  7530 | D:6      | Splashed by a jelly's acid

Illustrated notes

Levels and vault maps discovered:
D:1:      roderic_crossed_star, layout_loops_ring, minmay_misc_feat_square
D:2:      layout_loops_ring, nicolae_ru_path_of_blood, minmay_misc_feat_tiny,
          grunt_dithmenos_smoke
D:3:      layout_loops_ring, nicolae_overflow_crystal_walls, marbit_many_paths
D:4:      layout_basic, elyvilon_altar_4, uniq_pikel, uniq_duvessa, uniq_ijyb
D:5:      layout_basic, uniq_grinder, uniq_sigmund
D:6:      lemuel_insect_pit, layout_basic, uniq_eustachio, uniq_prince_ribbit1

Skill      XL: |  1  2  3  4  5  6  7  8  9 |
---------------+----------------------------+-----
Poison Magic   | 4 5 6 8 9 |  9.1
Transmutations | 2 3 |  3.0
Spellcasting   | 3 |  3.3
Stealth        | 5 8 |  8.0
Air Magic      | 3 |  3.0
Dodging        | 5 7 |  7.7
Fighting       | 1 |  1.4

Action                   |  1- 3 |  4- 6 |  7- 9 || total
-------------------------+-------+-------+-------++-------
Melee: Unarmed           |    10 |       |       ||    10
       Tentacles         |     9 |     5 |    12 ||    26
       Constrict         |    15 |     7 |    11 ||    33
       Dagger            |     1 |       |       ||     1
       Short sword       |    48 |    27 |    70 ||   145
 Fire: Hunting sling     |       |    14 |       ||    14
Throw: Boomerang         |       |       |     6 ||     6
 Cast: Sting             |     7 |       |       ||     7
       Poisonous Vapours |    11 |    10 |    24 ||    45
       Olgreb's Toxic Ra |       |     4 |    14 ||    18
       Ignite Poison     |       |     1 |    14 ||    15
  Use: Scroll            |     7 |     4 |     4 ||    15
       Potion            |       |     1 |       ||     1
 Stab: Sleeping          |     8 |     2 |     2 ||    12
Armor: Skin              |     4 |     4 |     4 ||    12
Dodge: Dodged            |    46 |    22 |    79 ||   147
Block: Other             |       |       |     5 ||     5

Table legend: (Time is in decaauts)
 A = Elapsed time spent in this place.
 B = Non-inter-level travel time spent in this place.
 C = Inter-level travel time spent in this place.
 D = Time resting spent in this place.
 E = Time spent auto-exploring this place.
 F = Levels seen in this place.
 G = Mean time per level.
                   A        B        C        D        E       F      G
               +--------+--------+--------+--------+--------+-----+--------+
         Total |   7555 |   7124 |    431 |     58 |   5759 |   6 | 1259.2 |
       Dungeon |   7555 |   7124 |    431 |     58 |   5759 |   6 | 1259.2 |
               +--------+--------+--------+--------+--------+-----+--------+

Top non-repeatable levels by time:
     D:3: 1802 daAuts
     D:5: 1690 daAuts
     D:4: 1466 daAuts
     D:1: 952 daAuts
     D:2: 862 daAuts
     D:6: 781 daAuts
